 Dungeon Crawl Stone Soup version 0.26.1-11-gd32895ea62 (webtiles) character file.

Game seed: 15904566183279247873

421 Almogavar the Shield-Bearer (level 6, -2/39 HPs)
             Began as a Gargoyle Fighter on May 6, 2021.
             Killed by divine providence
             ... invoked by an orc priest
              (9 damage)
             ... on level 4 of the Dungeon.
             The game lasted 00:07:02 (3522 turns).

Almogavar the Shield-Bearer (Gargoyle Fighter)      Turns: 3522, Time: 00:07:03

Health: -2/39      AC: 11    Str: 21    XL:     6   Next: 94%
Magic:  6/6        EV: 12    Int:  9    God:
Gold:   310        SH:  9    Dex:  9    Spells: 5/5 levels left

rFire    . . .     SeeInvis .   a - +1 flail
rCold    + . .     Faith    .   c - +0 kite shield
rNeg     + . .     Spirit   .   b - +0 scale mail
rPois    ∞         Reflect  .   (no helmet)
rElec    +         Harm     .   (no cloak)
rCorr    .         Rampage  .   (no gloves)
Will     .....                  (no boots)
Stlth    ..........             w - amulet of inaccuracy (curse)
HPRegen  0.13/turn              l - +4 ring of evasion
MPRegen  0.10/turn              p - ring of protection from cold

@: no status effects
A: negative energy resistance 1, electricity resistance, unbreathing,
petrification resistance, miasma immunity, AC +4
a: no special abilities


You were on level 4 of the Dungeon.
You visited 1 branch of the dungeon, and saw 4 of its levels.

You collected 310 gold pieces.

Inventory:

Hand Weapons
 a - a +1 flail (weapon)
Missiles
 g - 80 arrows
 h - 116 stones (quivered)
Armour
 b - a +0 scale mail (worn)
 c - a +0 kite shield (worn)
 j - a +0 chain mail
 n - a scarf of shadows
 t - a cursed +0 chain mail
Jewellery
 l - a +4 ring of evasion (left hand)
 p - a ring of protection from cold (right hand)
 w - a cursed amulet of inaccuracy (around neck)
Wands
 o - a wand of polymorph (6)
Scrolls
 i - 2 scrolls of enchant weapon
 k - 6 scrolls of amnesia
 v - a scroll of fog
Potions
 d - 2 potions of might
 e - a potion of brilliance
 f - 2 potions of invisibility
 m - a potion of magic
 q - a potion of berserk rage {unknown}
 r - a potion of flight {unknown}
 s - 2 potions of curing {unknown}
 u - a potion of lignification {unknown}
 x - a potion of haste {unknown}


   Skills:
 + Level 4.4 Fighting
 + Level 4.2 Maces & Flails
 + Level 4.5 Armour
 + Level 1.7 Dodging
 + Level 1.0 Stealth
 + Level 4.6 Shields


You had 5 spell levels left.
You didn't know any spells.
Your spell library was empty.

Dungeon Overview and Level Annotations

Branches:
Dungeon (4/15)
 Temple: D:4-7

Altars:
Hepliaklqana
Kikubaaqudgha
Okawaru
Beogh


Innate Abilities, Weirdness & Mutations

You are resistant to torment.
Your stone body is resilient. (AC +4)
You are immune to poison.
You resist negative energy. (rN+)
You are resistant to electric shocks. (rElec)
You can survive without breathing.
You are immune to petrification.
You are immune to miasma.


Message History

You block the orc priest's attack.
You miss the orc priest.
The orc priest is lightly wounded.
The orc priest closely misses you.
You hit the orc priest.
The orc priest is moderately wounded.
The orc priest hits you but does no damage.
The orc priest calls upon Beogh to heal the orc priest.
The orc priest is healed somewhat.
You block the orc priest's attack.
You closely miss the orc priest.
The orc priest is lightly wounded.
The orc priest closely misses you.
You barely miss the orc priest.
The orc priest is lightly wounded.
The orc priest calls down the wrath of Beogh upon you.
Beogh smites you!
* * * LOW HITPOINT WARNING * * *
The orc priest invokes the aid of Beogh against you.
Beogh smites you!
You die...

########################
#....oo@................
#.###'#################.
#...# ##. #.8.8.# #..
#.$...# #.. #.8.8.# #..
##._$## ######.. #####
........ ######..


You could see 2 orc priests.

Vanquished Creatures
  A vampire bat (D:3)
  A howler monkey (D:4)
  An orc priest (D:3)
  An orc wizard (D:4)
  An iguana (D:4)
  2 bullfrog skeletons (D:4)
  A worker ant (D:4)
  A hound skeleton (D:4)
  2 gnolls (D:3)
  4 adders
  An ooze (D:1)
  3 worms
  2 dart slugs
  4 leopard geckos
  7 orcs
  3 bat skeletons (D:3)
  3 bat zombies (D:3)
  3 giant cockroaches
  9 goblins
  5 hobgoblins
  3 jackals (D:3)
  4 quokkas
  6 bats
  4 frilled lizards
  10 kobolds
  3 rats
85 creatures vanquished.

Notes
Turn   | Place    | Note
-------+----------+-------------------------------------------
     0 | D:1      | Almogavar the Gargoyle Fighter began the quest for the Orb.
     0 | D:1      | Reached XP level 1. HP: 14/14 MP: 1/1
   132 | D:1      | Reached XP level 2. HP: 19/19 MP: 2/2
   914 | D:2      | Reached XP level 3. HP: 19/24 MP: 3/3
  1447 | D:2      | Found a hazy altar of Hepliaklqana.
  1513 | D:2      | Reached XP level 4. HP: 29/29 MP: 4/4
  1968 | D:3      | Found an iron altar of Okawaru.
  2208 | D:3      | Reached skill level 1 in Dodging
  2216 | D:3      | Reached skill level 1 in Stealth
  2216 | D:3      | Reached XP level 5. HP: 9/33 MP: 5/5
  2927 | D:3      | Found an ancient bone altar of Kikubaaqudgha.
  2932 | D:3      | Reached XP level 6. HP: 38/38 MP: 6/6
  3489 | D:4      | Found a roughly hewn altar of Beogh.
  3522 | D:4      | Killed from afar by an orc priest

Illustrated notes

Levels and vault maps discovered:
D:1:      lightli_arrival_boilingwater, layout_basic
D:2:      layout_rooms, nzn_hepliaklqana_mist_gate, serial_aquarium,
          aquarium_bridge_long_separate [aquarium_subvault_bridge,
          aquarium_subvault_bridge, aquarium_subvault_bridge,
          aquarium_subvault_bridge, aquarium_subvault_window,
          aquarium_subvault_bridge], aquarium_bridge_straight
          [aquarium_subvault_bridge, aquarium_subvault_window,
          aquarium_subvault_bridge, aquarium_subvault_balcony],
          aquarium_window_corridor_2, aquarium_window_2, aquarium_view_2f,
          aquarium_view_2c, aquarium_balcony_3b, aquarium_pool_four,
          minmay_misc_feat_square
D:3:      layout_basic, kennysheep_vampire_church, cheibrodos_sewer_entry_bend,
          okawaru_altar_gauntlet_db
D:4:      layout_basic, gammafunk_temple_overflow_elements, serial_shops,
          nicolae_shop_crystal, ebering_ghost_sewer_d, kennysheep_orc_chapel

Skill      XL: |  1  2  3  4  5  6 |
---------------+-------------------+-----
Fighting       | 4 |  4.4
Maces & Flails | 3 4 |  4.2
Dodging        | 1 |  1.7
Armour         | 4 |  4.5
Stealth        | 1 |  1.0
Shields        | 4 |  4.6

Action                   |  1- 3 |  4- 6 || total
-------------------------+-------+-------++-------
Melee: Flail             |   101 |   224 ||   325
  Use: Scroll            |     1 |     9 ||    10
Armor: Scale mail        |    47 |   101 ||   148
Dodge: Dodged            |    61 |   141 ||   202
Block: Kite shield       |    43 |   114 ||   157
